 Dungeon Crawl Stone Soup version 0.21.1-1-g345015f (webtiles) character file.

44 Goblin1989 the Chopper (level 3, 0/29 HPs)
             Began as a Demonspawn Monk on Feb 10, 2018.
             Killed by divine providence
             ... invoked by an orc priest
              (9 damage)
             ... on level 2 of the Dungeon on Feb 12, 2018.
             The game lasted 00:03:30 (1079 turns).

Goblin1989 the Chopper (Demonspawn Monk)            Turns: 1079, Time: 00:03:32

Health: 0/29       AC:  2    Str: 12    XL:     3   Next: 41%
Magic:  3/3        EV: 13    Int: 11    God:
Gold:   40         SH:  0    Dex: 15    Spells: 2/2 levels left

rFire    . . .     SeeInvis .   a - +4 hand axe
rCold    . . .     Gourm    .   (no shield)
rNeg     . . .     Faith    .   b - +0 robe
rPois    .         Spirit   .   (no helmet)
rElec    .         Reflect  .   (no cloak)
rCorr    .         Harm     .   (no gloves)
MR       .....                  (no boots)
Stlth    ++........             (no amulet)
HPRegen  0.09/turn              (no ring)
MPRegen  0.08/turn              (no ring)

@: no status effects
A: spiny 1
a: no special abilities


You were on level 2 of the Dungeon.
You were not hungry.

You visited 1 branch of the dungeon, and saw 2 of its levels.

You collected 40 gold pieces.

Inventory:

Hand Weapons
 a - a +4 hand axe (weapon)
Armour
 b - a +0 robe (worn)
 g - a +0 pair of gloves
 j - a +0 chain mail
Scrolls
 i - a scroll of enchant weapon {unknown}
 l - a scroll of remove curse {unknown}
Potions
 h - a potion of haste {unknown}
Comestibles
 e - 2 rations


   Skills:
 - Level 3.0 Fighting
 + Level 4.1 Axes
 - Level 2.6 Dodging
 - Level 1.7 Stealth


You had 2 spell levels left.
You didn't know any spells.

Dungeon Overview and Level Annotations

Branches:
Dungeon (2/15)

Altars:


Innate Abilities, Weirdness & Mutations

You are partially covered in sharp spines.


Message History

No target in view!
No target in view!
No target in view!
No target in view!
No target in view!
No target in view!
No target in view!
No target in view!
No target in view!
Unknown command.
You see here a chain mail.
j - a chain mail A goblin comes into view.
An adder comes into view.
The adder hisses angrily.
The goblin is struck by your spines. The goblin misses you.
You barely miss the goblin.
The goblin is moderately wounded.
The goblin barely misses you.
You hit the goblin.
You kill the goblin!
The adder is struck by your spines. The adder barely misses you.
You hit the adder.
The adder is severely wounded.
The adder is struck by your spines.
You kill the adder!
Your Axes skill increases to level 4!
You butcher the goblin corpse.
k - a chunk of flesh You see here a goblin skeleton. x2
l - a scroll labeled UXOBAS ORPHEIX You see here a goblin skeleton.
Eating a chunk of flesh.
You eat the chunk of flesh.
This raw flesh tastes terrible.
e - 2 rations (gained 1)
An orc comes into view. It is wielding a mace.
The orc shouts!
The orc throws a tomahawk.
The tomahawk hits you.
You see here a tomahawk.
You take 1 damage, and have 28/29 hp.
An orc priest comes into view. It is wielding a morningstar.
The orc throws a tomahawk.
The tomahawk misses you.
An orc comes into view. It is wielding a flail.
Health restored: 29 The orc shouts!
The orc completely misses you.
The orc priest invokes the aid of Beogh against you.
Beogh smites you!
You take 12 damage, and have 17/29 hp.
MASSIVE DAMAGE!!
You are too injured to fight recklessly!
You are too injured to fight recklessly!
You are too injured to fight recklessly!
You are too injured to fight recklessly!
You are too injured to fight recklessly!
You are too injured to fight recklessly!
You are too injured to fight recklessly!
You are too injured to fight recklessly!
You are too injured to fight recklessly!
You are too injured to fight recklessly!
You are too injured to fight recklessly!
You are too injured to fight recklessly!
You are too injured to fight recklessly!
You are too injured to fight recklessly!
You are too injured to fight recklessly!
You are too injured to fight recklessly!
You are too injured to fight recklessly!
You are too injured to fight recklessly!
You are too injured to fight recklessly!
You are too injured to fight recklessly!
You are too injured to fight recklessly!
You are too injured to fight recklessly!
You are too injured to fight recklessly!
You are too injured to fight recklessly!
You are too injured to fight recklessly!
You are too injured to fight recklessly!
You are too injured to fight recklessly!
You are too injured to fight recklessly!
You are too injured to fight recklessly!
You are too injured to fight recklessly!
Unknown command.
You don't know any spells.
You don't know any spells.
You don't know any spells.
You don't know any spells.
You don't know any spells.
You barely miss the orc.
The orc priest begins to cast a cantrip, but forgets the words!
The orc closely misses you.
You barely miss the orc. The orc hits you with a mace.
You take 3 damage, and have 14/29 hp.
You barely miss the orc. The orc hits you with a mace.
* * * LOW HITPOINT WARNING * * *
You take 5 damage, and have 9/29 hp.
You hit the orc.
The orc is severely wounded.
The orc priest calls upon Beogh to heal the orc.
The orc's wounds heal themselves!
The orc completely misses you.
The orc priest calls down the wrath of Beogh upon you.
Beogh smites you!
You die...

█.█
█.█
█.█
█.█
█(█
█.█
█.█
█.█
█@█


█o█ █o█ █o█ ..█ ... ███ You could see an orc priest and 2 orcs.

Vanquished Creatures
  An adder (D:2)
  A leopard gecko (D:1)
  4 bats (D:1)
  A giant cockroach (D:1)
  6 goblins
  3 hobgoblins (D:1)
  9 jackals (D:1)
  3 frilled lizards (D:1)
  A kobold (D:1)
  A rat (D:2)
30 creatures vanquished.

Notes
Turn   | Place    | Note
-------+----------+-------------------------------------------
     0 | D:1      | Goblin1989 the Demonspawn Monk began the quest for the Orb.
     0 | D:1      | Reached XP level 1. HP: 18/18 MP: 1/1
   121 | D:1      | Reached skill level 3 in Axes
   227 | D:1      | Gained mutation: You are partially covered in sharp spines. [demonic ancestry]
   227 | D:1      | Reached XP level 2. HP: 21/24 MP: 2/2
   744 | D:1      | Reached XP level 3. HP: 26/29 MP: 3/3
  1044 | D:2      | Reached skill level 4 in Axes
  1079 | D:2      | Killed from afar by an orc priest

Skill      XL: |  1  2  3 |
---------------+----------+-----
Axes           | 3 4 |  4.1
Fighting       | |  3.0
Dodging        | |  2.6
Stealth        | |  1.7

Action                   || total
-------------------------++-------
Melee: Hand axe          ||    70
 Stab: Sleeping          ||     5
  Eat: Chunk             ||     1
Armor: Robe              ||    15
Dodge: Dodged            ||    56

Vault maps used:
D:1:      eino_arrival_druids_welcome
D:2:      minivault_23
